 Dungeon Crawl Stone Soup version 0.30-b1-2-g02819fbbbe (webtiles) character file.

Game seed: 14243226322551782679

1108 Hyawatha the Conjurer (level 8, -2/62 HPs)
             Began as a Hill Orc Conjurer on May 8, 2023.
             Was an Initiate of Yredelemnul.
             Slain by a gnoll
             ... wielding a +0 flail
              (5 damage)
             ... on level 5 of the Dungeon.
             The game lasted 00:29:43 (4631 turns).

Hyawatha the Conjurer (Hill Orc Conjurer)           Turns: 4631, Time: 00:29:43

Health: -2/62      AC:  0    Str: 10    XL:     8   Next: 33%
Magic:  11/11      EV: 12    Int: 18    God:    Yredelemnul [......]
Gold:   1240       SH:  0    Dex: 11    Spells: 6/11 levels left

rFire   + . .        d - +2 dagger (venom)
rCold   + . .        (no shield)
rNeg    . . .        n - +1 robe {rC+ rF+}
rPois   .            (no helmet)
rElec   .            m - +2 cloak
rCorr   .            i - +0 pair of gloves
SInv    .            x - +0 pair of boots
Will    .....        (no amulet)
Stlth   ++           (no ring)
HPRegen 0.30/turn    (no ring)
MPRegen 0.12/turn

%: no passive effects
@: corroded
A: no striking features
a: Renounce Religion, Recall Undead Harvest


You were on level 5 of the Dungeon.
You worshipped Yredelemnul.
Yredelemnul was noncommittal.
You visited 1 branch of the dungeon, and saw 7 of its levels.

You collected 1240 gold pieces.

Inventory:

Hand Weapons
 c - a +0 rapier
 d - a +2 dagger of venom (weapon)
 t - a +1 dagger of flaming
Missiles
 a - 5 poisoned darts
 g - 4 javelins (quivered)
 o - a throwing net
Armour
 h - a +1 ring mail
 i - a +0 pair of gloves (worn)
 m - a +2 cloak (worn)
 n - a +1 robe of resistance (worn)
 x - a +0 pair of boots (worn)
Magical Staves
 l - a staff of conjuration
Jewellery
 q - a ring of fire
 w - an amulet of guardian spirit
Wands
 p - a wand of digging (5)
 u - a wand of polymorph (3)
Scrolls
 v - 2 scrolls of magic mapping
 y - 2 scrolls of teleportation
Potions
 b - a potion of magic
 e - 3 potions of curing
 f - 2 potions of might
 j - a potion of flight
 k - a potion of cancellation
 r - a potion of heal wounds {unknown}
 s - 3 potions of lignification {unknown}
 z - a potion of degeneration {unknown}


   Skills:
 + Level 2.9 Fighting
 + Level 4.1 Short Blades
 * Level 2.8 Throwing
 * Level 3.4 Dodging
 * Level 3.5 Stealth
 + Level 2.1 Spellcasting
 * Level 5.2 Conjurations
 * Level 3.1 Invocations
 * Level 1.5 Evocations


You had 6 spell levels left.
You knew the following spells:

 Your Spells              Type           Power      Damage    Failure   Level
a - Magic Dart            Conj           80%        1d7       2%          1
b - Searing Ray           Conj           40%        2d5       3%          2
c - Momentum Strike       Conj/Tloc      22%        3d8       10%         2

Your spell library contained the following spells:

 Spells                   Type           Power      Damage    Failure   Level
 Dazzling Flash           Conj/Hex       22%        N/A       19%         3
 Blink                    Tloc           2%         N/A       26%         2
 Lesser Beckoning         Tloc           2%         N/A       26%         2
 Fulminant Prism          Conj/Hex       5%         3d6       52%         4
 Iskenderun's Mystic Bla  Conj/Tloc      11%        2d4       52%         4
 Alistair's Intoxication  Tmut/Pois      0%         N/A       99%         5
 Borgnjor's Vile Clutch   Necr/Erth      0%         N/A       99%         5
 Eringya's Noxious Bog    Tmut/Pois      0%         N/A       100%        6


Dungeon Overview and Level Annotations

Branches:
Dungeon (7/15)
 Temple: D:4-7

Altars:
Dithmenos
Fedhas
Sif Muna
Yredelemnul

Annotations:
D:4 2 runed translucent doors, exclusion: downstairs, kthxbai's ghost, amateur TeAE


Message History

Your scorpion zombie hits the endoplasm but does no damage.
The gnoll hits your scorpion zombie but does no damage.
The endoplasm freezes you.
You are frozen.
You resist.
You hit the endoplasm.
You kill the endoplasm!
The dead are walking!
Your scorpion zombie hits the gnoll.
The gnoll hits your scorpion zombie with a +0 flail!
Your scorpion zombie is destroyed!
Aiming: Polymorph
Press: ? - help, Shift-Dir - straight line, f - gnoll
Aim: a gnoll, wielding a +0 whip (lightly wounded, ally target, will become a river rat, a jelly, or an ice beast, chance to affect: 62%)
The gnoll evaporates and reforms as a jelly!
Aiming: Polymorph
Press: ? - help, Shift-Dir - straight line, f/p - jelly
Aim: a jelly (lightly wounded, ally target, will become a killer bee, a river rat, or a steam dragon, chance to affect: 62%)
The jelly resists with significant effort.
Your endoplasm zombie hits the jelly.
Your endoplasm zombie is burned by acid!
The jelly hits you but does no damage.
You hit the jelly. The acid corrodes you!
Your hands burn!
* * * LOW HITPOINT WARNING * * *
The jelly is heavily wounded.
Your endoplasm zombie hits the jelly.
The acid corrodes your endoplasm zombie!
Your endoplasm zombie is burned by acid!
You hit the jelly but do no damage.
Your hands burn!
* * * LOW HITPOINT WARNING * * *
The jelly is heavily wounded.
The jelly hits you.
* * * LOW HITPOINT WARNING * * *
The acid corrodes you!
You are splashed with acid!
* * * LOW HITPOINT WARNING * * *
The gnoll attacks as you move away! The gnoll barely misses you.
Your endoplasm zombie hits the jelly.
Your endoplasm zombie is burned by acid!
There is a stone staircase leading up here.
The gnoll hits you with a +0 flail.
You die...
Your body rises from the dead as a mindless zombie.

#.....###.# #.###
#.....###.# #...#
###
#..##.....######.#
#.###
#..#####......##.#
#...###..#
#.....##.##..
###....)##
#......#.####
##...)## #....#...#
. ###ZgJ#
#......... .
##@.###.<....###...
##....#....#..# .#.
#................#.
#.###....###.... ..
#.. ####>....### .
#.# #####.# .. #.#
#.


You could see a jelly (ally target), a gnoll and a friendly endoplasm zombie
(corroded).

Vanquished Creatures
  A sky beast (D:6)
  A centaur (D:6)
  A bullfrog (D:6)
  4 scorpions
  A hound (D:6)
  A gnoll bouda (D:4)
  2 iguanas
  Jessica (D:2)
  3 gnolls
  6 adders
  A shadow imp (D:6)
  A worm (D:2)
  2 dart slugs (D:1)
  3 orcs (D:4)
  3 endoplasms
  4 giant cockroaches
  9 goblins
  6 hobgoblins
  6 kobolds
  2 quokkas
  4 ball pythons
  A bat (D:1)
  3 frilled lizards (D:2)
  6 rats
72 creatures vanquished.

Vanquished Creatures (collateral kills)
  Eustachio (D:4)
  An ogre (D:6)
  A sleepcap (D:4)
  An iguana (D:3)
  An orc wizard (D:4)
  2 gnolls (D:4)
  A white imp (D:6)
  3 worms
  2 orcs (D:4)
  A bat (D:3)
  An endoplasm (D:1)
  2 giant cockroaches (D:6)
  5 goblins
  A hobgoblin (D:3)
  3 ball pythons (D:1)
  2 frilled lizards
  A rat (D:2)
29 creatures vanquished.

Vanquished Creatures (others)
  A centaur zombie (D:6)
  A scorpion zombie (D:5)
  An ogre zombie (D:6)
  A hound zombie (D:6)
  An iguana zombie (D:3)
  A spectral white imp (D:6)
  2 bat zombies (D:1)
  A gnoll zombie (D:3)
  2 ball python zombies
  A frilled lizard zombie (D:2)
  4 goblin zombies
  2 hobgoblin zombies
  4 orc zombies (D:4)
  A quokka zombie (D:3)
  A rat zombie (D:3)
24 creatures vanquished.

Grand Total: 125 creatures vanquished

Notes
Turn   | Place    | Note
-------+----------+-------------------------------------------
     0 | D:1      | Hyawatha the Hill Orc Conjurer began the quest for the Orb.
     0 | D:1      | Reached XP level 1. HP: 14/14 MP: 3/3
   179 | D:1      | Found a faded altar of an unknown god.
   190 | D:1      | Prayed at the altar of an unknown god.
   190 | D:1      | Became a worshipper of Yredelemnul the Dark
   190 | D:1      | Reached * piety under Yredelemnul
   234 | D:1      | Reached XP level 2. HP: 15/22 MP: 4/4
   419 | D:1      | Reached ** piety under Yredelemnul
   848 | D:1      | Reached XP level 3. HP: 25/27 MP: 5/5
  1147 | D:3      | Noticed a gnoll sergeant
  1157 | D:2      | Noticed Jessica
  1173 | D:2      | Killed Jessica
  1174 | D:2      | Reached skill level 1 in Fighting
  1174 | D:2      | Reached skill level 1 in Short Blades
  1174 | D:2      | Reached XP level 4. HP: 26/35 MP: 6/6
  1346 | D:2      | Reached skill level 1 in Invocations
  1568 | D:2      | Reached skill level 1 in Throwing
  1777 | D:2      | Identified a scroll of acquirement
  1777 | D:2      | Acquired 1056 gold pieces
  1947 | D:3      | Reached XP level 5. HP: 31/40 MP: 7/7
  2175 | D:4      | Noticed Eustachio
  2291 | D:5      | Entered Level 5 of the Dungeon
  2549 | D:4      | Reached XP level 6. HP: 27/48 MP: 9/9
  2680 | D:4      | Found a large runed translucent door.
  2681 | D:4      | Found a large runed translucent door.
  2684 | D:4      | Noticed kthxbai's ghost (amateur TeAE)
  3487 | D:4      | Killed Eustachio
  3488 | D:4      | Reached XP level 7. HP: 56/56 MP: 10/10
  3659 | D:7      | Found a shadowy altar of Dithmenos.
  3676 | D:6      | Learned a level 2 spell: Searing Ray
  3679 | D:6      | Learned a level 2 spell: Momentum Strike
  3686 | D:6      | Found a blossoming altar of Fedhas.
  3698 | D:6      | Found a shimmering blue altar of Sif Muna.
  3720 | D:6      | Reached skill level 1 in Evocations
  3730 | D:6      | Noticed a steam dragon
  4250 | D:6      | Reached XP level 8. HP: 62/62 MP: 11/11
  4341 | D:6      | Found a glowing drain.
  4513 | D:5      | Reached skill level 5 in Conjurations
  4629 | D:5      | HP: 2/62 [acid (10)]
  4631 | D:5      | Slain by a gnoll

Illustrated notes

Levels and vault maps discovered:
D:1:      saegor_arrival_simple_e, layout_loops_ring,
          chequers_ecumenical_altar_simple_redux, minmay_misc_feat_x,
          corexii_corridor_pit, kennysheep_another_room
D:2:      minmay_inner_zag, layout_basic, dk_vineyard_1, uniq_jessica
D:3:      layout_loops_cross, minmay_increasing_density
D:4:      layout_cave_pods, ebering_ghost_disaster_area, uniq_eustachio
D:5:      layout_rooms, mainiacjoe_overflow_alcove_4,
          minmay_temple_entry_poolview
D:6:      layout_loops_ring, mainiacjoe_overflow_swirl, gup_sewer_entry_glass,
          grunt_decor_clamped, chequers_jeans
D:7:      layout_rooms, hangedman_decor_points, hangedman_feature_mirror,
          feat_on_display, uniq_duvessa

Skill      XL: |  1  2  3  4  5  6  7  8 |
---------------+-------------------------+-----
Fighting       | 1 2 |  2.9
Short Blades   | 1 2 3 4 |  4.1
Dodging        | 2 3 |  3.4
Stealth        | 2 3 |  3.5
Invocations    | 1 2 3 |  3.1
Throwing       | 1 2 |  2.8
Spellcasting   | 2 |  2.1
Evocations     | 1 |  1.5
Conjurations   | 5 |  5.2

Action                     |  1- 3 |  4- 6 |  7- 9 || total
---------------------------+-------+-------+-------++-------
  Melee: Rapier            |    61 |       |       ||    61
         Dagger            |    23 |   163 |    92 ||   278
         Unarmed           |       |     2 |       ||     2
   Cast: Magic Dart        |       |     5 |       ||     5
  Evoke: Wand              |       |       |     3 ||     3
    Use: Scroll            |     8 |     7 |     1 ||    16
         Potion            |       |     1 |       ||     1
   Stab: Sleeping          |     1 |     5 |     1 ||     7
         Distracted        |       |     1 |     1 ||     2
 Armour: Robe              |    15 |    31 |    24 ||    70
         Skin              |       |     1 |       ||     1
  Dodge: Dodged            |    45 |    83 |    49 ||   177
